AoeStats
← ijn_king

Fortress

509661044Analyzed
4v4 RM · 3d ago on Sep 27, 2026· 37m 4s· 8 players
Game mode
Random Map
Map size
Huge
Population
200
Speed
Normal
Resources
Standard
Victory
Conquest
Starting age
Dark Age
Ending age
Imperial Age
RankedLock teamsTeams togetherTeam positionsShared explorationLock speedFull tech treeHidden civsTurbo modeCheats
Victory
Defeat
🇹🇷 Wei · Türkiye
772
+17
🇷🇴 Portuguese · Romania
749
+18
🇹🇷 Huns · Türkiye
743
+18
🇰🇼 Spanish · Kuwait
725
+19
🇺🇸 Franks · United States
837
-19
🇪🇬 Persians · Egypt
804
-19
🇮🇳 Romans · India
764
-17
🇲🇾 Bohemians · Malaysia
755
-17
traveller
0:39 Loom
8:05 Feudal Age
8:29 Feudal Age
13:38 Castle Age
13:39 Horse Collar
14:58 Double-Bit Axe
15:36 Husbandry
16:12 Wheelbarrow
15:51 Town Watch
19:58 Heavy Plow
20:30 Fervor
22:13 Fletching
23:35 Sanctity
24:27 Forging
24:22 Scale Barding Armor
25:11 Caravan
27:38 Bow Saw
30:37 Imperial Age
28:54 Hand Cart
29:13 Marauders
29:29 Bloodlines
28:40 Light Cavalry
30:56 Chain Barding Armor
31:11 Iron Casting
30:44 Elite Tarkan
31:45 Conscription
31:40 Gold Mining
31:40 Stone Mining
32:29 Plate Barding Armor
33:29 Arson
33:44 Squires
Erdal Kömürcü
4:37 Loom
8:00 Feudal Age
9:06 Double-Bit Axe
9:03 Horse Collar
10:15 Gold Mining
10:15 Stone Mining
16:36 Castle Age
15:13 Forging
15:04 Padded Archer Armor
16:44 Fletching
16:59 Scale Barding Armor
18:33 Gold Shaft Mining
18:33 Stone Shaft Mining
19:11 Bodkin Arrow
20:04 Town Watch
28:07 Imperial Age
27:07 Caravan
29:29 Parthian Tactics
29:09 Thumb Ring
30:38 Iron Casting
30:04 Bracer
31:56 Wheelbarrow
31:21 Town Patrol
35:10 Bloodlines
35:01 Husbandry
35:53 Onager
37:13 Bow Saw
Laserotron
2:02 Loom
8:17 Feudal Age
9:34 Wheelbarrow
8:40 Horse Collar
9:04 Double-Bit Axe
13:05 Gold Mining
13:05 Stone Mining
13:17 Stone Mining
17:44 Castle Age
18:44 Hand Cart
18:29 Heavy Plow
18:41 Bow Saw
19:09 Stone Shaft Mining
29:02 Imperial Age
28:46 Bloodlines
28:36 Husbandry
30:18 Forging
30:15 Scale Barding Armor
30:00 Cavalier
33:18 Chain Barding Armor
37:22 Chemistry
37:22 Plate Barding Armor
36:30 Elite Organ Gun
jasem-1970
7:37 Feudal Age
11:57 Castle Age
22:19 Pikeman
26:16 Imperial Age
26:25 Scale Barding Armor
26:32 Forging
26:23 Scale Mail Armor
26:37 Cavalier
26:45 Halberdier
27:50 Chain Barding Armor
29:46 Iron Casting
29:47 Plate Barding Armor
29:28 Chain Mail Armor
33:10 Blast Furnace
32:41 Plate Mail Armor
Sam Gupta
0:31 Loom
9:56 Feudal Age
10:50 Town Watch
15:07 Castle Age
14:03 Double-Bit Axe
14:04 Horse Collar
14:17 Gold Mining
15:16 Wheelbarrow
22:14 Stone Mining
25:28 Fletching
26:13 Ballistas
26:54 Masonry
26:56 Fortified Wall
27:04 Bodkin Arrow
28:10 Town Patrol
28:32 Ballistics
29:24 Hand Cart
29:35 Murder Holes
29:27 Pikeman
30:08 Squires
30:32 Forging
33:53 Imperial Age
32:09 Iron Casting
31:46 Heavy Plow
32:10 Bow Saw
32:43 Guard Tower
34:59 Conscription
36:01 Chemistry
34:46 Heavy Scorpion
37:06 Siege Engineers
37:32 Architecture
37:39 Keep
IdocOhThree
0:33 Loom
7:00 Feudal Age
7:27 Double-Bit Axe
8:58 Wheelbarrow
9:23 Wheelbarrow
15:27 Castle Age
16:32 Bow Saw
17:53 Husbandry
17:44 Town Watch
23:51 Imperial Age
24:09 Hand Cart
24:09 Cavalier
29:32 Forging
29:28 Scale Barding Armor
31:52 Iron Casting
31:38 Chain Barding Armor
31:50 Paladin
34:49 Blast Furnace
35:18 Plate Barding Armor
37:53 Chemistry
37:16 Ballistics
36:49 Guard Tower
Weza
0:34 Loom
7:27 Feudal Age
7:43 Horse Collar
15:58 Castle Age
14:58 Stone Mining
15:01 Gold Mining
16:03 Double-Bit Axe
16:25 Heavy Plow
17:09 Wheelbarrow
18:44 Bow Saw
19:33 Hand Cart
20:17 Caravan
21:49 Hand Cart
21:42 Town Watch
28:56 Stone Shaft Mining
29:02 Gold Shaft Mining
32:22 Imperial Age
30:34 Kamandaran
31:37 Forging
31:33 Scale Barding Armor
31:48 Town Patrol
31:43 Fletching
33:11 Conscription
33:27 Hoardings
33:16 Guilds
33:45 Iron Casting
33:16 Husbandry
33:26 Bloodlines
36:15 Blast Furnace
35:36 Chain Barding Armor
35:12 Bodkin Arrow
36:18 Squires
36:11 Elite War Elephant
ijn_king
7:29 Feudal Age
7:57 Double-Bit Axe
7:54 Horse Collar
8:53 Wheelbarrow
14:03 Castle Age
14:59 Bow Saw
14:52 Heavy Plow
16:09 Fervor
22:25 Hand Cart
28:08 Imperial Age
26:26 Ballistics
27:56 Chemistry
27:44 Fletching
27:55 Padded Archer Armor
28:07 Forging
27:57 Scale Mail Armor
28:52 Bodkin Arrow
29:39 Pikeman
30:19 Squires
31:17 Guilds
32:38 Two-Man Saw
32:22 Halberdier
34:02 Bracer
34:17 Leather Archer Armor
34:56 Houfnice
Connection lost

Rejoining the realm…

Still unreachable

The connection could not be restored.

Session expired

The server has moved on; the page needs a fresh start.